 Dungeon Crawl Stone Soup version 0.29-a0-553-g81b289dbe5 (webtiles) character file.

Game seed: 4840504151326937667

108 HessuHobo the Skirmisher (level 4, -7/30 HPs)
             Began as a Gargoyle Fighter on June 7, 2022.
             Was a Believer of Qazlal.
             Mangled by Duvessa
             ... wielding a +0 rapier
              (12 damage)
             ... on level 4 of the Dungeon.
             The game lasted 00:06:06 (4419 turns).

HessuHobo the Skirmisher (Gargoyle Fighter)         Turns: 4419, Time: 00:06:06

Health: -7/30      AC: 17    Str: 22    XL:     4   Next: 87%
Magic:  4/4        EV:  6    Int:  8    God:    Qazlal [**....]
Gold:   184        SH:  6    Dex:  9    Spells: 3/3 levels left

rFire   . . .      SeeInvis .   o - +2 dagger (speed)
rCold   . . .      Faith    .   c - +0 buckler
rNeg    + . .      Spirit   .   k - +0 plate armour
rPois   ∞          Reflect  .   w - +0 helmet
rElec   +          Harm     .   (no cloak)
rCorr   .          Rampage  .   (no gloves)
Will    .....                   t - +0 pair of boots
Stlth   ..........              (no amulet)
HPRegen 0.10/turn               (no ring)
MPRegen 0.09/turn               (no ring)

@: no status effects
A: sickness immunity, AC +3, negative energy resistance 1, electricity
resistance, torment resistance 1, petrification resistance
a: Renounce Religion, Upheaval


You were on level 4 of the Dungeon.
You worshipped Qazlal.
Qazlal was pleased with you.
You visited 1 branch of the dungeon, and saw 4 of its levels.

You collected 184 gold pieces.

Inventory:

Hand Weapons
 a - a +0 flail
 o - a +2 dagger of speed (weapon)
Armour
 c - a +0 buckler (worn)
 k - a +0 plate armour (worn)
 t - a +0 pair of boots (worn)
 w - a +0 helmet (worn)
Jewellery
 s - a ring of fire
 x - an amulet of the acrobat
Scrolls
 f - 3 scrolls of identify {unknown}
 g - a scroll of brand weapon {unknown}
 i - 2 scrolls of amnesia
 l - 3 scrolls of vulnerability {unknown}
 m - 2 scrolls of teleportation {unknown}
 n - a scroll of summoning {unknown}
 r - a scroll of fear {unknown}
 y - a scroll of torment {unknown}
 z - a scroll of magic mapping {unknown}
Potions
 b - a potion of lignification {unknown}
 d - 4 potions of might
 e - a potion of flight {unknown}
 h - 2 potions of degeneration {unknown}
 j - a potion of ambrosia {unknown}
 p - a potion of brilliance {unknown}
 q - a potion of curing {unknown}
 u - a potion of magic {unknown}
 v - a potion of resistance {unknown}


   Skills:
 + Level 4.3 Fighting
 + Level 1.6 Short Blades
 - Level 2.4 Maces & Flails
 - Level 4.2 Armour
 - Level 3.2 Shields
 + Level 0.3 Invocations


You had 3 spell levels left.
You didn't know any spells.
Your spell library contained the following spells:

 Spells                   Type           Power      Damage    Failure   Level
 Foxfire                  Conj/Fire      0%         2x1d4     100%        1
 Ensorcelled Hibernation  Hex/Ice        0%         N/A       100%        2
 Passwall                 Tmut/Erth      0%         N/A       100%        2
 Conjure Flame            Conj/Fire      0%         6-21      100%        3
 Inner Flame              Hex/Fire       0%         N/A       100%        3
 Swiftness                Air            0%         N/A       100%        3
 Flame Wave               Conj/Fire      0%         2d4       100%        4


Dungeon Overview and Level Annotations

Branches:
Dungeon (4/15)
 Temple: D:4-7

Altars:
Qazlal
Vehumet

Shops:
D:1 (   D:2 [   D:4 [

Annotations:
D:4 Dowan, Duvessa


Innate Abilities, Weirdness & Mutations

You are immune to sickness and miasma.
Your stone body is resilient. (AC +3)
You are immune to poison.
You resist negative energy. (rN+)
You are resistant to electric shocks. (rElec)
You are resistant to unholy torment.
You are immune to petrification.


Message History

HP restored.
There is a stone staircase leading down here.
You climb downwards.
Level annotation: Dowan, Duvessa
There is a stone staircase leading up here.
z - a scroll labelled GOUMAE SYNEENEKKE
Things that are here:
5 stones; a +0 short sword
Things that are here:
5 stones; a +0 short sword
There is an open door here.
You hear a shout!
Duvessa shouts!
Duvessa attacks as you move away! Duvessa hits you but does no damage.
Duvessa attacks as you move away! Duvessa hits you with a +0 rapier.
Duvessa attacks as you move away! Duvessa completely misses you.
Duvessa attacks as you move away! Duvessa hits you but does no damage.
Duvessa attacks as you move away! Duvessa hits you with a +0 rapier.
Duvessa attacks as you move away! Duvessa barely misses you.
Duvessa says, "When magic and the sword combine, nothing stands against them."
Duvessa attacks as you move away! Duvessa hits you with a +0 rapier.
Duvessa attacks as you move away! Duvessa completely misses you.
Duvessa attacks as you move away! Duvessa barely misses you.
Duvessa says, "Did you see that move?
Perfect!"
Duvessa attacks as you move away! Duvessa hits you with a +0 rapier.
Duvessa attacks as you move away! Duvessa hits you but does no damage.
Duvessa attacks as you move away! Duvessa hits you with a +0 rapier.
Duvessa attacks as you move away! Duvessa hits you but does no damage.
Duvessa attacks as you move away! Duvessa hits you with a +0 rapier.
Duvessa attacks as you move away! Duvessa hits you but does no damage.
Duvessa attacks as you move away! Duvessa hits you but does no damage.
Duvessa attacks as you move away! Duvessa hits you with a +0 rapier.
Duvessa attacks as you move away! Duvessa hits you with a +0 rapier.
* * * LOW HITPOINT WARNING * * *
Duvessa says, "My weaknesses are his strengths!"
There is a shaft here.
Duvessa attacks as you move away! Duvessa hits you with a +0 rapier.
* * * LOW HITPOINT WARNING * * *
Duvessa attacks as you move away! Duvessa hits you with a +0 rapier!
You die...

..)...# #####.# #.# ##.## #...#
############# ## #...#
#####...........# #. ####...#
#........<......######. .......#
#...............#...... .......#
#.....@e^○......#...... .......#
#....#######.####......
.......#######.#######.##...)....
.....................#.##....###.
...................#.#.##....# #.
...................#.#.##....###.
...................#.#.##....#.#.
......(............###.##....#.##
#####.#.####.................#...


You could see Duvessa.

Vanquished Creatures
  3 gnolls
  2 adders
  A worm (D:3)
  6 orcs
  3 ball pythons
  3 bats
  4 endoplasms
  A giant cockroach (D:2)
  2 goblins
  6 hobgoblins
  4 jackals (D:4)
  2 quokkas
  3 frilled lizards
  5 kobolds
  6 rats
51 creatures vanquished.

Notes
Turn   | Place    | Note
-------+----------+-------------------------------------------
     0 | D:1      | HessuHobo the Gargoyle Fighter began the quest for the Orb.
     0 | D:1      | Reached XP level 1. HP: 14/14 MP: 1/1
   447 | D:1      | Reached XP level 2. HP: 19/19 MP: 2/2
   662 | D:1      | Found a faded altar of an unknown god.
   774 | D:1      | Found Adoylapo's Weapon Boutique.
   890 | D:1      | Prayed at the altar of an unknown god.
   890 | D:1      | Became a worshipper of Qazlal Stormbringer
   890 | D:1      | Reached * piety under Qazlal
  1216 | D:2      | Found Gyoshy's Antique Armour Boutique.
  1483 | D:2      | Found a radiant altar of Vehumet.
  1585 | D:2      | Reached XP level 3. HP: 18/24 MP: 3/3
  2264 | D:3      | Reached skill level 1 in Short Blades
  2360 | D:3      | Reached ** piety under Qazlal
  2673 | D:3      | Reached XP level 4. HP: 25/29 MP: 4/4
  2918 | D:4      | Found Kukulust's Antique Armour Boutique.
  4164 | D:4      | Noticed Dowan
  4164 | D:4      | Noticed Duvessa
  4419 | D:4      | Mangled by Duvessa

Illustrated notes

Levels and vault maps discovered:
D:1:      scummos_arrival_checkerplants, layout_basic,
          chequers_ecumenical_altar_lobes, serial_shops, nicolae_lakefront_shop,
          amcnicky_mini_corridor_feature
D:2:      layout_loops_ring, basic_altar, serial_shops,
          nicolae_shop_overgrown_old_shop
D:3:      layout_basic
D:4:      layout_basic, serial_shops, nicolae_shop_hallway_plus,
          kennysheep_generic_room_13, uniq_duvessa

Skill      XL: |  1  2  3 |
---------------+----------+-----
Fighting       | 4 |  4.3
Short Blades   | 1 |  1.6
Armour         | 4 |  4.2
Maces & Flails | |  2.4
Shields        | |  3.2
Invocations    | |  0.3

Action                   |  1- 3 |  4- 6 || total
-------------------------+-------+-------++-------
Melee: Flail             |    41 |       ||    41
       Dagger            |   111 |   116 ||   227
  Use: Scroll            |     1 |       ||     1
Armor: Scale mail        |    12 |       ||    12
       Plate armour      |    72 |    58 ||   130
Dodge: Dodged            |    33 |    31 ||    64
Block: Buckler           |    27 |    31 ||    58

Table legend: (Time is in decaauts)
 A = Elapsed time spent in this place.
 B = Non-inter-level travel time spent in this place.
 C = Inter-level travel time spent in this place.
 D = Time resting spent in this place.
 E = Time spent auto-exploring this place.
 F = Levels seen in this place.
 G = Mean time per level.
                   A        B        C        D        E       F      G
               +--------+--------+--------+--------+--------+-----+--------+
         Total |   4361 |   4191 |    170 |   1486 |   2110 |   4 | 1090.2 |
       Dungeon |   4361 |   4191 |    170 |   1486 |   2110 |   4 | 1090.2 |
               +--------+--------+--------+--------+--------+-----+--------+

Top non-repeatable levels by time:
     D:3: 1496 daAuts
     D:2: 1016 daAuts
     D:1: 936 daAuts
     D:4: 912 daAuts
